 Dungeon Crawl Stone Soup version 0.23-a0-635-g88ca12a (webtiles) character file.

1634 Leeroy the Carver (level 8, 0/62 HPs)
             Began as a Barachi Skald on Dec 27, 2018.
             Was an Initiate of Okawaru.
             Slain by an orc (4 damage)
             ... on level 7 of the Dungeon.
             The game lasted 00:24:05 (8509 turns).

Leeroy the Carver (Barachi Skald)                   Turns: 8509, Time: 00:24:06

Health: 0/62       AC:  7    Str: 13    XL:     8   Next: 98%
Magic:  2/11       EV: 10    Int: 16    God:    Okawaru [......]
Gold:   354        SH:  2    Dex: 11    Spells: 2/11 levels left

rFire    . . .     SeeInvis .   a - +0 falchion
rCold    . . .     Gourm    .   (no shield)
rNeg     . . .     Faith    .   e - +0 ring mail
rPois    +         Spirit   .   (no helmet)
rElec    .         Reflect  +   (no cloak)
rCorr    .         Harm     .   (no gloves)
MR       .....     Clarity  +   (no boots)
Stlth    +.........             U - +2 amulet of reflection
HPRegen  0.20/turn              x - ring of poison resistance
MPRegen  0.12/turn              (no ring)

@: can't hop, very slightly contaminated, drained, slow
A: +LOS, swims, thin metallic scales 1, clarity, robust 1, slowness 1, strong
legs 1
a: Hop, Renounce Religion


You were on level 7 of the Dungeon.
You worshipped Okawaru.
Okawaru was noncommittal.
You were hungry.

You visited 2 branches of the dungeon, and saw 8 of its levels.

You collected 354 gold pieces.

Inventory:

Hand Weapons
 a - a +0 falchion (weapon)
 g - a +0 dagger
 j - a +0 flail
 k - a +0 dagger
 m - a +0 rapier
 p - a +4 short sword
 q - a +0 dagger
 w - a +0 hunting sling
 A - a +0 dagger
 B - a +0 blowgun
 C - a +0 war axe
 E - a +0 morningstar
 G - a +0 flail
 H - a +0 spear
 I - a +1 vampiric whip
 K - a +2 falchion
 M - a +5 halberd
 R - a +1 dagger of flaming
Missiles
 c - 28 sling bullets
 i - 172 stones
 o - 33 arrows
 r - 91 bolts
 v - 36 poisoned needles
 y - 10 curare-tipped needles
 z - 10 tomahawks (quivered)
Armour
 b - a +0 leather armour
 e - a +0 ring mail (worn)
 D - a +0 chain mail
 J - a +0 chain mail
 L - a +2 robe of cold resistance
 T - a +0 chain mail
Jewellery
 x - a ring of poison resistance (left hand)
 U - a +2 amulet of reflection (around neck)
Scrolls
 f - 2 scrolls of fear {unknown}
 h - 2 scrolls of enchant weapon {unknown}
 l - 3 scrolls of amnesia {unknown}
 n - 6 scrolls of remove curse
 s - 4 scrolls of magic mapping {unknown}
 u - a scroll of identify
 F - a scroll of noise {unknown}
 P - a scroll of immolation {unknown}
 S - a scroll of teleportation {unknown}
Potions
 t - a potion of degeneration
 N - 2 potions of berserk rage {unknown}
 O - a potion of flight
 V - a potion of resistance {unknown}
Comestibles
 d - 8 rations
 Q - 4 chunks of flesh


   Skills:
 - Level 2.4(1.9) Fighting
 + Level 10.0(9.4) Long Blades
 - Level 1.2(0.7) Armour
 - Level 2.1(1.6) Dodging
 - Level 2.1(1.6) Spellcasting
 * Level 5.1(4.6) Hexes
 * Level 6.5(6.0) Charms
 - Level 1.3(0.8) Necromancy


You had 2 spell levels left.
You knew the following spells:

 Your Spells              Type           Power        Failure   Level  Hunger
a - Infusion              Chrm           ###.         3%          1    ##.....
b - Spectral Weapon       Hex/Chrm       ###.....     16%         3    ####...
c - Regeneration          Chrm/Necr      ##........   32%         3    ####...
d - Shroud of Golubria    Chrm/Tloc      ##........   21%         2    ###....

Your spell library contained the following spells:

 Spells                   Type           Power        Failure   Level  Hunger
 Song of Slaying          Chrm           ###.....     6%          2    ###....


Dungeon Overview and Level Annotations

Branches:
Dungeon (7/15)             Temple (1/1) D:4

Altars:
Ashenzari
Cheibriados
Dithmenos
Elyvilon
Fedhas
Gozag
Hepliaklqana
Kikubaaqudgha
Makhleb
Nemelex Xobeh
Okawaru
Qazlal
Ru
Sif Muna
Trog
Uskayaw
Vehumet
Wu Jian
Xom
Yredelemnul
Zin


Innate Abilities, Weirdness & Mutations

Shadows flee at your approach. (+LOS)
You can swim through water.
You cover ground slowly.
You can hop short distances.
You are partially covered in thin metallic scales. (AC +2)
You possess an exceptional clarity of mind.
You are robust. (+10% HP)


Message History

The orc priest mumbles some strange prayers to Beogh against you.
Pain shoots through your body!
* * * LOW HITPOINT WARNING * * *
Found 3 scrolls labeled BIEGUBOMIO and 2 tomahawks.
Unknown command.
Okay, then.
Casting: Regeneration (safe; 32% risk of failure)
Confirm with . or Enter, or press ? or * to list all spells.
You miscast Shroud of Golubria.
You are very lightly contaminated with residual magic.
Nothing appears to happen.
You barely miss the orc. The orc hits you.
* * * LOW HITPOINT WARNING * * *
Unknown command.
You closely miss the orc priest.
Your skin stops crawling.
The orc priest hits you with a +0 morningstar.
* * * LOW HITPOINT WARNING * * *
The orc hits you.
You die...

#...... #.....###.# ..
##..# ##.....)# .# .
...##......#...##.## ...
....##.#.#.##......#....
.....# ###..#...........
..#..### #...............
.##....###.####o##.......
##..#.........#o###).....
....###........o@........
..#..###.................
###....##..........?.....
# ##................(....
# #.....................
# ##.....................
###......................
...................##.#..
..................## ##..


You could see an orc priest and 2 orcs.

Vanquished Creatures
  Eustachio (D:5)
  An orc warrior (D:7)
  An ogre (D:5)
  A bullfrog (D:6)
  5 wights
  2 crimson imps
  A quasit (D:5)
  2 hounds
  2 jellies
  A centaur skeleton (D:4)
  4 orc priests
  3 bullfrog skeletons
  4 orc wizards
  3 worker ants
  A hound skeleton (D:5)
  6 gnolls
  A howler monkey skeleton (D:4)
  12 adders
  3 river rats (D:3)
  A shadow imp (D:5)
  3 oozes
  2 adder zombies
  A worm (D:3)
  9 leopard geckos
  15 orcs
  13 bats
  11 giant cockroaches
  11 hobgoblins
  3 jackals (D:1)
  5 quokkas
  3 ball pythons
  2 frilled lizards
  9 goblins
  12 kobolds
  A quokka zombie (D:6)
  4 rats
159 creatures vanquished.

Vanquished Creatures (others)
  3 spectral weapons
3 creatures vanquished.

Grand Total: 162 creatures vanquished

Notes
Turn   | Place    | Note
-------+----------+-------------------------------------------
     0 | D:1      | Leeroy the Barachi Skald began the quest for the Orb.
     0 | D:1      | Reached XP level 1. HP: 17/17 MP: 3/3
    42 | D:1      | Reached skill level 3 in Long Blades
    43 | D:1      | Reached XP level 2. HP: 18/23 MP: 0/5
   139 | D:1      | Reached skill level 4 in Long Blades
   177 | D:1      | Reached XP level 3. HP: 14/28 MP: 6/6
   182 | D:1      | Learned a level 3 spell: Spectral Weapon
   986 | D:2      | Reached skill level 5 in Long Blades
   986 | D:2      | Reached XP level 4. HP: 23/34 MP: 0/7
  1695 | D:2      | Reached skill level 6 in Long Blades
  1791 | D:2      | Learned a level 3 spell: Regeneration
  2070 | D:2      | Reached XP level 5. HP: 39/39 MP: 8/8
  2731 | D:3      | Reached skill level 7 in Long Blades
  2770 | D:3      | Reached XP level 6. HP: 13/46 MP: 4/9
  3047 | D:3      | Reached skill level 1 in Hexes
  3368 | D:4      | Found a staircase to the Ecumenical Temple.
  3396 | Temple   | Entered the Ecumenical Temple
  3820 | D:5      | Entered Level 5 of the Dungeon
  4439 | D:4      | Found a deep blue altar of Sif Muna.
  4648 | D:4      | Reached XP level 7. HP: 41/51 MP: 10/10
  4686 | Temple   | Became a worshipper of Vehumet
  4726 | D:5      | Found a white marble altar of Elyvilon.
  4726 | D:5      | Found a shadowy altar of Dithmenos.
  4768 | D:5      | Reached skill level 8 in Long Blades
  5453 | D:5      | Noticed Eustachio
  5473 | D:5      | Gained mutation: You possess an exceptional clarity of
                  | mind. [potion of mutation]
  5473 | D:5      | Gained mutation: You are robust. (+10% HP) [potion of
                  | mutation]
  5473 | D:5      | Gained mutation: You are partially covered in thin metallic
                  | scales. (AC +2) [potion of mutation]
  5487 | D:5      | Killed Eustachio
  5487 | D:5      | Reached skill level 1 in Necromancy
  5933 | D:5      | Reached skill level 9 in Long Blades
  5988 | D:5      | Reached XP level 8. HP: 57/62 MP: 11/11
  6212 | D:5      | Found a burning altar of Makhleb.
  6437 | D:6      | Reached skill level 5 in Charms
  6906 | D:6      | Found an iron altar of Okawaru.
  6955 | D:6      | Fell from the grace of Vehumet
  6955 | D:6      | Became a worshipper of Warmaster Okawaru
  8223 | D:6      | Learned a level 2 spell: Shroud of Golubria
  8397 | D:7      | Reached skill level 5 in Hexes
  8499 | D:7      | Reached skill level 10 in Long Blades
  8509 | D:7      | Slain by an orc

Vault maps used:
D:1:      wander_arrival_abandoned_jail
D:2:      minmay_heptomino_h4
D:3:      first_ration, gup_sewer_entry_bubbles
D:4:      led_sif_pool, minmay_temple_entry_drinking_statues
D:5:      makhleb_blood_cavern_becter, gammafunk_temple_overflow_pools,
          minmay_circle_x, uniq_eustachio
D:6:      okawaru_ov_weapons_minmay
Temple:   nicolae_temple_elliptical

Skill      XL: |  1  2  3  4  5  6  7  8 |
---------------+-------------------------+-----
Long Blades    | 3 4 5 6 7 9 10 | 10.0
Hexes          | 2 3 5 |  5.1
Charms         | 4 6 |  6.5
Necromancy     | 1 |  1.3
Fighting       | |  2.4
Armour         | |  1.2
Dodging        | |  2.1
Spellcasting   | |  2.1

Action                   |  1- 3 |  4- 6 |  7- 9 || total
-------------------------+-------+-------+-------++-------
Melee: Falchion          |   122 |    83 |   213 ||   418
       Short sword       |       |   208 |   125 ||   333
Throw: Stone             |     1 |    10 |     9 ||    20
       Tomahawk          |       |       |     5 ||     5
 Cast: Infusion          |     3 |       |       ||     3
       Spectral Weapon   |       |     3 |    15 ||    18
       Regeneration      |       |     1 |     6 ||     7
 Abil: Hop               |       |     2 |     5 ||     7
  Use: Potion            |       |     3 |     7 ||    10
       Scroll            |       |       |     4 ||     4
 Stab: Distracted        |       |       |     2 ||     2
  Eat: Chunk             |     1 |    10 |     5 ||    16
       Ration            |       |     1 |     4 ||     5
Armor: Leather armour    |     8 |       |       ||     8
       Ring mail         |    57 |    88 |   124 ||   269
       Skin              |       |    13 |    20 ||    33
Dodge: Dodged            |   107 |   152 |   156 ||   415
Block: Other             |       |       |     1 ||     1
       Rpst.: Falchion   |    35 |    16 |    23 ||    74

Table legend:
 A = Non-vault XP
 B = Vault XP
 C = Vault XP percentage of total XP
 D = Non-vault monster count
 E = Vault monster count
 F = Vault count percentage of total count
                 A         B        C        D         E       F
            +---------+---------+-------+---------+---------+-------
      Total |    1924 |     411 |  17.6 |     141 |      18 |  11.3
            +---------+---------+-------+---------+---------+-------
        D:1 |      63 |       0 |   0.0 |      32 |       0 |   0.0
        D:2 |      78 |      27 |  25.7 |      26 |       3 |  10.3
        D:3 |     152 |      54 |  26.2 |      23 |       8 |  25.8
        D:4 |     242 |       0 |   0.0 |      11 |       0 |   0.0
        D:5 |     453 |     330 |  42.1 |      15 |       7 |  31.8
        D:6 |     708 |       0 |   0.0 |      27 |       0 |   0.0
        D:7 |     228 |       0 |   0.0 |       7 |       0 |   0.0
            +---------+---------+-------+---------+---------+-------
